Map: Apotheosis LE

Players

Yoonmi - Winner!

  • Race: Zerg Zerg

Stalker

  • Race: Protoss Protoss
  • League: Diamond

VOD

Have the link to the VOD?

Description

Time

  • Played on: Sept. 13, 2016, 9:58 p.m.
  • Length: 12:13
Show
View Real Time Build Order
Export as new Build Order

Yoonmi Zerg - Winner!

Build Orders: Hatch First 

Get SALT Encoding   

  12  0:00  Drone  
  13  0:12  Overlord  
  13  0:17  Drone  
  14  0:31  Drone x2  
  14  0:34  Drone  
  17  0:46  Drone  
  18  0:58  Drone  
  19  1:07  Drone  
  19  1:08  Hatchery  
  19  1:22  Spawning Pool  
  18  1:33  Drone x2  
  20  1:46  Extractor  
  19  1:49  Drone  
  20  1:58  Overlord  
  20  2:19  Zergling x4  
  20  2:20  Queen x2  
  26  2:27  Hatchery  
  25  2:31  Drone x2  
  25  2:33  Drone  
  28  2:38  Zergling x2  
  28  2:42  Zergling x2  
  30  2:49  Metabolic Boost  
  30  2:54  Zergling x4  
  33  3:05  Zergling x4  
  33  3:06  Zergling x2  
  35  3:16  Evolution Chamber  
  35  3:17  Overlord  
  32  3:36  Zergling x16  
  32  3:37  Zergling x2  
  39  3:45  Zerg Melee Weapons Level 1  
  39  4:01  Drone x2  
  41  4:03  Queen  
  34  4:33  Zergling x20  
  43  4:54  Drone x3  
  43  5:10  Drone x7  
  44  5:24  Zergling x2  
  44  5:25  Zergling x12  
  43  5:45  Zerg Ground Armor Level 1  
  43  5:46  Lair  
  43  5:53  Drone x7  
  43  5:55  Overlord  
  41  6:21  Zergling x20  
  41  6:22  Zergling x8  
  55  6:36  Extractor  
  55  6:38  Extractor  
  53  6:40  Extractor  
  53  6:42  Drone x6  
  53  6:44  Overlord x3  
  58  6:57  Spire  
  57  7:03  Drone  
  57  7:04  Drone x5  
  63  7:10  Drone x8  
  70  7:17  Baneling Nest  
  68  7:29  Zergling x2  
  62  7:30  Zergling x12  
  63  7:45  Zerg Melee Weapons Level 2  
  63  7:48  Zergling x14  
  70  7:51  Hatchery  
  69  8:12  Mutalisk x5  
  68  8:13  Mutalisk  
  69  8:37  Mutalisk x3  
  60  8:42  Zergling x4  
  60  8:43  Zergling x14  
  60  8:52  Drone x2  
  52  9:04  Drone  
  52  9:05  Drone x4  
  57  9:16  Drone x4  
  61  9:28  Drone x7  
  65  9:52  Mutalisk  
  64  9:53  Mutalisk x5  
  76  10:07  Drone x4  
  76  10:08  Overlord x2  
  80  10:16  Overlord  
  80  10:18  Queen  
  79  10:31  Zergling x16  
  79  10:32  Zergling x4  
  79  10:34  Zergling x2  
  90  10:53  Mutalisk  
  90  10:54  Mutalisk x2  
  95  11:12  Mutalisk  
  95  11:13  Mutalisk  
  95  11:15  Zergling x14  
  95  11:16  Zergling x6  
  102  11:43  Drone  
  102  11:44  Overlord x5  
  103  11:47  Overlord x2  
  103  11:50  Infestation Pit  
Show
View Real Time Build Order
Export as new Build Order

Stalker Protoss 

Build Orders:  

Get SALT Encoding   

  12  0:01  Probe (Chrono Boost)  
  13  0:11  Probe (Chrono Boost)  
  14  0:22  Probe (Chrono Boost)  
  14  0:24  Pylon  
  16  0:42  Probe (Chrono Boost)  
  16  0:53  Probe (Chrono Boost)  
  17  1:06  Nexus  
  17  1:15  Gateway  
  17  1:17  Probe (Chrono Boost)  
  18  1:21  Assimilator  
  18  1:28  Probe (Chrono Boost)  
  19  1:36  Gateway  
  19  1:38  Probe (Chrono Boost)  
  20  1:45  Assimilator  
  20  1:53  Pylon  
  20  1:59  Probe (Chrono Boost)  
  21  2:02  Pylon  
  20  2:12  Cybernetics Core  
  20  2:13  Probe (Chrono Boost)  
  21  2:24  Probe (Chrono Boost)  
  21  2:25  Probe (Chrono Boost)  
  23  2:34  Probe (Chrono Boost)  
  23  2:36  Probe (Chrono Boost)  
  25  2:41  Warp Gate  
  25  2:45  Probe (Chrono Boost)  
  25  2:47  Probe (Chrono Boost)  
  25  2:48  Adept  
  29  2:52  Adept  
  32  3:00  Mothership Core (Chrono Boost)  
  32  3:02  Assimilator  
  34  3:07  Probe (Chrono Boost)  
  34  3:09  Pylon  
  34  3:16  Adept  
  34  3:19  Probe (Chrono Boost)  
  37  3:26  Twilight Council  
  37  3:28  Probe (Chrono Boost)  
  37  3:31  Probe (Chrono Boost), Stalker  
  41  3:41  Probe (Chrono Boost)  
  42  3:44  Pylon  
  42  3:45  Probe (Chrono Boost), Adept  
  45  3:52  Pylon  
  47  3:55  Probe (Chrono Boost)  
  47  3:57  Probe (Chrono Boost)  
  47  3:59  Assimilator  
  47  4:01  Adept  
  49  4:03  Resonating Glaives  
  49  4:06  Probe (Chrono Boost)  
  49  4:09  Probe (Chrono Boost)  
  40  4:34  Probe (Chrono Boost)  
  40  4:42  Pylon  
  40  4:43  Gateway  
  38  4:45  Probe (Chrono Boost)  
  38  4:47  Probe (Chrono Boost)  
  38  4:49  Adept  
  38  4:50  Adept  
  42  4:56  Probe (Chrono Boost)  
  42  4:58  Robotics Facility  
  43  5:06  Probe x2 (Chrono Boost)  
  43  5:10  Adept x2  
  43  5:17  Gateway  
  43  5:18  Probe (Chrono Boost)  
  43  5:19  Gateway  
  40  5:22  Probe (Chrono Boost)  
  29  5:30  Probe (Chrono Boost)  
  29  5:33  Probe (Chrono Boost), Adept  
  29  5:34  Adept  
  33  5:42  Probe (Chrono Boost)  
  33  5:46  Adept  
  35  5:59  Adept, Sentry  
  39  6:09  Adept  
  41  6:15  Probe (Chrono Boost)  
  41  6:17  Probe (Chrono Boost)  
  41  6:27  Probe (Chrono Boost)  
  41  6:29  Probe (Chrono Boost)  
  41  6:31  Adept x3  
  49  6:33  Warp Prism  
  52  6:41  Probe (Chrono Boost)  
  52  6:44  Probe (Chrono Boost), Sentry  
  55  7:02  Nexus  
  55  7:06  Pylon  
  57  7:08  Probe x2 (Chrono Boost)  
  57  7:20  Adept x3  
  63  7:29  Probe x2 (Chrono Boost), Adept  
  61  7:41  Probe x2 (Chrono Boost), Pylon  
  63  7:52  Adept x2  
  63  7:53  Probe x2 (Chrono Boost), Adept  
  63  7:54  Adept  
  73  8:04  Probe (Chrono Boost), Immortal  
  78  8:06  Probe (Chrono Boost)  
  79  8:15  Adept  
  79  8:17  Sentry x4  
  79  8:19  Probe (Chrono Boost)  
  90  8:32  Probe x2 (Chrono Boost)  
  92  8:36  Blink, Adept  
  92  8:41  Adept x3  
  90  8:42  Gateway  
  90  8:43  Gateway  
  88  8:52  Pylon  
  86  9:00  Probe (Chrono Boost)  
  77  9:05  Stalker x3  
  77  9:07  Forge  
  83  9:11  Stalker  
  83  9:19  Assimilator x2  
  83  9:20  Probe (Chrono Boost)  
  84  9:25  Pylon  
  84  9:27  Stalker  
  84  9:28  Sentry  
  84  9:29  Pylon  
  88  9:42  Stargate  
  88  9:45  Stalker x2  
  88  9:49  Pylon  
  88  9:54  Stalker  
  88  9:55  Stalker  
  92  10:01  Pylon  
  92  10:07  Photon Cannon  
  92  10:09  Probe (Chrono Boost)  
  92  10:11  Probe (Chrono Boost)  
  94  10:16  Protoss Ground Weapons Level 1, Probe (Chrono Boost)  
  94  10:20  Probe (Chrono Boost)  
  94  10:21  Stalker  
  98  10:22  Sentry  
  100  10:32  Warp Prism  
  102  10:41  Templar Archives  
  102  10:43  Photon Cannon  
  102  10:46  Sentry  
  102  10:47  Sentry  
  102  10:48  Sentry  
  108  11:05  Nexus  
  102  11:17  Phoenix  
  74  11:21  Stalker  
  74  11:22  Stalker  
  74  11:23  High Templar  
  74  11:31  High Templar x4  
  76  11:36  Archon x2  
  76  11:38  Phoenix  
  72  11:40  Pylon  
  72  11:41  Pylon  
  74  11:52  High Templar  
  74  11:53  Stalker  
  76  12:08  Photon Cannon  
  76  12:10  Photon Cannon  
  76  12:11  Adept x3  
Tags
 
Add a new tag
Caveats
  • Supply blocks, unpowered buildings, or Contaminate may cause inaccurate times.
  • Supply counts are checked every 10 seconds.